 Dungeon Crawl Stone Soup version 0.20.0-15-g7f486f2 (webtiles) character file.

180 Cecillian the Bolt Thrower (level 5, -3/32 HPs)
             Began as a Kobold Hunter on July 1, 2017.
             Slain by a bullfrog (6 damage)
             ... in a sewer.
             The game lasted 00:04:54 (2857 turns).

Cecillian the Bolt Thrower (Kobold Hunter)          Turns: 2857, Time: 00:04:55

Health: -3/32      AC:  8    Str: 10    XL:     5   Next: 91%
Magic:  5/5        EV: 16    Int: 13    God:
Gold:   98         SH:  0    Dex: 15    Spells: 4/4 levels left

rFire    . . .     SeeInvis .   a - +1 hand crossbow
rCold    . . .     Gourm    .   (shield restricted)
rNeg     . . .     Faith    .   c - +0 leather armour
rPois    .         Spirit   .   (no helmet)
rElec    .         Reflect  .   i - +0 cloak
rCorr    .         Harm     .   (no gloves)
MR       .....                  (no boots)
Stlth    ++........             (no amulet)
Regen    0.1/turn               x - +4 ring of protection
MPRegen  0.1/turn               (no ring)

@: no status effects
A: carnivore 3
a: no special abilities


You were in a sewer.
You were completely stuffed.

You visited 1 branch of the dungeon, and saw 3 of its levels.
You also visited: Sewer.

You collected 98 gold pieces.

Inventory:

Hand Weapons
 a - a +1 hand crossbow (weapon)
 b - a +0 short sword
Missiles
 d - 6 bolts (quivered)
 j - 6 stones
 r - 7 poisoned needles
 y - 14 sling bullets
Armour
 c - a +0 leather armour (worn)
 i - a +0 cloak (worn)
 q - a +0 ring mail
Jewellery
 x - a +4 ring of protection (left hand)
Scrolls
 g - 2 scrolls of magic mapping
 n - a scroll of blinking {unknown}
 t - 3 scrolls of teleportation
 u - a scroll of recharging {unknown}
 w - a scroll of remove curse
Potions
 e - a potion of curing {unknown}
 h - a potion of flight {unknown}
 l - 3 potions of brilliance
 m - a potion of invisibility {unknown}
 o - a potion of lignification {unknown}
 s - 2 potions of haste
Comestibles
 f - 3 meat rations
 p - a royal jelly
 v - 4 chunks of flesh


   Skills:
 + Level 3.5 Fighting
 + Level 5.9 Crossbows
 + Level 3.9 Dodging
 + Level 3.7 Stealth


You had 4 spell levels left.
You didn't know any spells.

Dungeon Overview and Level Annotations

Branches:
Dungeon (3/15)

Altars:
Nemelex Xobeh


Innate Abilities, Weirdness & Mutations

You are small and have problems with some larger weapons.
You are carnivorous and can eat meat at any time.


Message History

The bullfrog hits you but does no damage. x2
Firing (i - inventory. (,) - cycle):
d - 9 bolts (quivered)
Press: ? - help, Shift-Dir - straight line, f/p - bullfrog
Aim: a bullfrog (severely wounded)
You shoot a bolt. The bolt hits the bullfrog.
The bullfrog is severely wounded.
The bullfrog hits you.
* * * LOW HITPOINT WARNING * * *
Firing (i - inventory. (,) - cycle):
d - 8 bolts (quivered)
Press: ? - help, Shift-Dir - straight line, f/p - bullfrog
Aim: a bullfrog (severely wounded)
You shoot a bolt. The bolt closely misses the bullfrog.
The bullfrog barely misses you. The bullfrog completely misses you.
Firing (i - inventory. (,) - cycle):
d - 7 bolts (quivered)
Press: ? - help, Shift-Dir - straight line, f/p - bullfrog
Aim: a bullfrog (severely wounded)
You shoot a bolt. The bolt hits the bullfrog.
The bullfrog is almost dead.
The bullfrog closely misses you. The bullfrog hits you.
You die...

# ≈≈≈≈.≈≈≈≈≈.≈≈≈.# #∩# #
≈≈≈≈≈≈≈≈≈≈(≈≈≈.# #.# #
≈≈≈≈≈≈≈≈.≈≈≈.# #.# #
≈≈≈≈≈≈≈.≈≈≈.###≈## #
≈≈≈≈≈≈#.≈≈≈.##.≈.# #
≈≈≈≈≈≈#.≈≈≈.##≈≈≈# #
≈≈≈≈###.≈≈≈.##≈≈.# # ####
#F≈≈≈.##≈≈.# # #@≈≈≈≈##≈≈≈#
# #≈≈≈≈≈##≈≈≈#
################≈≈≈≈.##≈≈≈##
....≈.≈≈≈.≈...≈≈.≈≈≈≈≈.≈≈..#
≈≈≈≈≈≈≈≈≈≈≈≈≈≈≈≈≈≈≈≈≈≈≈≈≈≈.#
≈≈≈≈≈≈≈≈≈≈≈≈≈≈≈≈≈≈≈≈≈≈≈≈≈≈.#
≈≈≈≈≈≈≈≈≈≈≈≈≈≈≈≈≈≈≈≈≈≈≈≈≈≈.#
....≈≈.≈≈≈......≈≈..≈≈≈.≈..#
########################≈###


You could see a bullfrog.

Vanquished Creatures
  A bullfrog (Sewer)
  5 adders
  4 leopard geckos
  7 bats
  7 giant cockroaches
  9 goblins
  7 hobgoblins
  A quokka (D:3)
  4 ball pythons
  12 frilled lizards
  7 kobolds
  8 rats
72 creatures vanquished.

Notes
Turn   | Place    | Note
-------+----------+-------------------------------------------
     0 | D:1      | Cecillian the Kobold Hunter began the quest for the Orb.
     0 | D:1      | Reached XP level 1. HP: 12/12 MP: 1/1
   214 | D:1      | Reached skill level 5 in Crossbows
   217 | D:1      | Reached XP level 2. HP: 13/18 MP: 2/2
   781 | D:1      | Reached XP level 3. HP: 22/22 MP: 3/3
  1641 | D:2      | Reached XP level 4. HP: 22/27 MP: 4/4
  2174 | D:2      | Found a sparkling altar of Nemelex Xobeh.
  2389 | D:3      | Found a glowing drain.
  2485 | Sewer    | Entered a sewer
  2646 | Sewer    | Reached XP level 5. HP: 29/32 MP: 5/5
  2830 | Sewer    | Noticed a bullfrog
  2833 | Sewer    | Noticed a bullfrog
  2844 | Sewer    | Killed a bullfrog
  2857 | Sewer    | Slain by a bullfrog

Skill      XL: |  1  2  3  4 |
---------------+-------------+-----
Crossbows      | 5 |  5.9
Stealth        | 2 3 |  3.7
Dodging        | 3 |  3.9
Fighting       | 3 |  3.5

Action                   |  1- 3 |  4- 6 || total
-------------------------+-------+-------++-------
Melee: Short sword       |   104 |   158 ||   262
 Fire: Hand crossbow     |       |    14 ||    14
  Use: Scroll            |     2 |     7 ||     9
       Potion            |       |     1 ||     1
 Stab: Sleeping          |     2 |       ||     2
       Distracted        |       |     1 ||     1
  Eat: Chunk             |    11 |     4 ||    15
Armor: Leather armour    |    19 |    65 ||    84
Dodge: Dodged            |    84 |   201 ||   285
